 Dungeon Crawl Stone Soup version 0.22.0-36-g8e74550 (webtiles) character file.

582 yevrey the Chopper (level 7, 0/61 HPs)
             Began as a Hill Orc Fighter on Aug 24, 2018.
             Was an Initiate of Beogh.
             Shot with an arrow by a centaur (3 damage)
             ... on level 5 of the Dungeon.
             The game lasted 00:09:50 (3374 turns).

yevrey the Chopper (Hill Orc Fighter)               Turns: 3374, Time: 00:09:51

Health: 0/61       AC:  7    Str: 17 (19) XL:     7   Next: 36%
Magic:  7/7        EV:  7    Int:  6 (8)  God:    Beogh [......]
Gold:   138        SH:  9    Dex: 10 (12) Spells: 6/6 levels left

rFire    . . .     SeeInvis .   a - +0 war axe
rCold    . . .     Gourm    .   c - +0 shield
rNeg     . . .     Faith    .   b - +0 scale mail
rPois    .         Spirit   .   (no helmet)
rElec    .         Reflect  .   (no cloak)
rCorr    .         Harm     .   (no gloves)
MR       .....                  (no boots)
Stlth    ..........             (no amulet)
HPRegen  0.20/turn              (no ring)
MPRegen  0.10/turn              (no ring)

@: no status effects
A: no striking features
a: Renounce Religion


You were on level 5 of the Dungeon.
You worshipped Beogh.
Beogh was noncommittal.
You were hungry.

You visited 1 branch of the dungeon, and saw 5 of its levels.

You collected 138 gold pieces.

Inventory:

Hand Weapons
 a - a +0 war axe (weapon)
Missiles
 n - 3 javelins (quivered)
Armour
 b - a +0 scale mail (worn)
 c - a +0 shield (worn)
Jewellery
 r - an uncursed ring of protection from fire {unknown}
Wands
 l - a wand of acid (6)
 q - a wand of random effects (14)
Scrolls
 e - 6 scrolls of remove curse
 i - 3 scrolls of identify {unknown}
 m - 2 scrolls of teleportation {unknown}
 s - a scroll of fear {unknown}
 t - a scroll of enchant weapon {unknown}
 u - a scroll of enchant armour {unknown}
 w - a scroll of magic mapping {unknown}
 x - a scroll of blinking {unknown}
Potions
 d - a potion of might
 g - a potion of brilliance {unknown}
 h - a potion of lignification
 j - a potion of degeneration
 k - a potion of curing
 o - a potion of heal wounds {unknown}
 v - a potion of berserk rage {unknown}
Comestibles
 f - 6 rations


   Skills:
 + Level 5.3 Fighting
 + Level 7.1 Axes
 + Level 4.7 Armour
 + Level 5.0 Shields


You had 6 spell levels left.
You didn't know any spells.
Your spell library was empty.

Dungeon Overview and Level Annotations

Branches:
Dungeon (5/15)
 Temple: D:4-7

Altars:
Elyvilon
Okawaru
Xom


Message History

The worker ant bites you but does no damage.
You hit the worker ant.
You kill the worker ant!
Beogh accepts your kill.
You start resting.
You feel less wooden.
Your +0 scale mail unmelds from your body.
You now have 138 gold pieces (gained 19).
A centaur comes into view. It is wielding a dagger of flaming.
You see here the human corpse of Prince Ribbit.
You butcher the human corpse of Prince Ribbit.
The centaur shouts!
The centaur unwields an uncursed dagger of flaming.
It stops flaming.
The centaur wields a shortbow.
The centaur shoots an arrow.
The arrow hits you.
* * * LOW HITPOINT WARNING * * *
Things that are here:
an arrow; 2 chunks of flesh The centaur shoots an arrow.
The arrow hits you.
You die...

.... .##. # ...
...# #.##..
...#
....##$..####
####..........#
#.............c
#.##..).).....#
#.##.##(...####
#.##...@...#
#........o.#
#.####..####
#<.....(#
#.........##<##
#######.#.##.#
#......#
###.#### ..#


You could see a centaur and a neutral orc wizard (wandering).

Vanquished Creatures
  A scorpion (D:3)
  A jelly (D:3)
  A bullfrog skeleton (D:4)
  2 orc wizards (D:2)
  An iguana (D:4)
  A worker ant (D:5)
  2 gnolls (D:3)
  2 adders
  10 oozes (D:3)
  2 worms (D:2)
  2 dart slugs (D:2)
  6 leopard geckos
  6 orcs
  2 giant cockroaches (D:2)
  5 goblins
  9 hobgoblins
  12 jackals
  15 kobolds
  A quokka (D:3)
  9 bats
  5 frilled lizards
  5 rats
  A butterfly (D:3)
101 creatures vanquished.

Vanquished Creatures (others)
  Prince Ribbit (D:5)
  An orc wizard (D:5)
  An orc priest (D:5)
  An orc (D:5)
  A giant cockroach (D:5)
  A fungus (D:3)
  10 toadstools (D:3)
16 creatures vanquished.

Grand Total: 117 creatures vanquished

Notes
Turn   | Place    | Note
-------+----------+-------------------------------------------
     0 | D:1      | yevrey the Hill Orc Fighter began the quest for the Orb.
     0 | D:1      | Reached XP level 1. HP: 19/19 MP: 1/1
    88 | D:1      | Reached XP level 2. HP: 25/27 MP: 2/2
   428 | D:1      | Reached skill level 3 in Axes
   509 | D:2      | Reached XP level 3. HP: 32/33 MP: 3/3
  1096 | D:3      | Found an iron altar of Okawaru.
  1160 | D:4      | Noticed a scorpion
  1170 | D:3      | Killed a scorpion
  1170 | D:3      | Reached skill level 4 in Axes
  1170 | D:3      | Reached XP level 4. HP: 11/40 MP: 4/4
  1199 | D:3      | HP: 2/40 [poisoned by a scorpion]
  1491 | D:4      | Reached XP level 5. HP: 28/47 MP: 5/5
  1771 | D:3      | Found a shimmering altar of Xom.
  1939 | D:3      | Reached skill level 5 in Axes
  1949 | D:3      | Reached XP level 6. HP: 44/53 MP: 6/6
  2311 | D:2      | Found a white marble altar of Elyvilon.
  2364 | D:2      | Reached skill level 6 in Axes
  3223 | D:5      | Entered Level 5 of the Dungeon
  3245 | D:5      | Noticed Prince Ribbit
  3246 | D:5      | Became a worshipper of Beogh the Brigand
  3263 | D:5      | Killed Prince Ribbit
  3263 | D:5      | Reached skill level 5 in Fighting
  3263 | D:5      | Reached skill level 7 in Axes
  3263 | D:5      | Reached skill level 5 in Shields
  3263 | D:5      | Reached XP level 7. HP: 19/61 MP: 7/7
  3345 | D:5      | HP: 4/91 [poisoned by a worker ant]
  3351 | D:5      | HP: 2/91 [poisoned by a worker ant]
  3357 | D:5      | HP: 2/91 [poisoned by a worker ant]
  3373 | D:5      | HP: 3/61 [centaur/arrow (5)]
  3374 | D:5      | Shot with an arrow by a centaur

Skill      XL: |  1  2  3  4  5  6 |
---------------+-------------------+-----
Fighting       | 4 5 |  5.3
Axes           | 3 4 5 7 |  7.1
Shields        | 4 5 |  5.0
Armour         | 4 |  4.7

Action                   |  1- 3 |  4- 6 |  7- 9 || total
-------------------------+-------+-------+-------++-------
Melee: War axe           |   110 |   194 |    27 ||   331
Invok: Convert to Beogh  |       |     1 |       ||     1
  Use: Potion            |       |       |     3 ||     3
       Scroll            |       |       |     1 ||     1
  Eat: Chunk             |     1 |     7 |       ||     8
Armor: Scale mail        |    54 |    80 |    11 ||   145
       Skin              |       |       |    22 ||    22
Dodge: Dodged            |    35 |    73 |     7 ||   115
Block: Shield            |    78 |   103 |    28 ||   209
